 Dungeon Crawl Stone Soup version 0.30.0-13-g156ef70053 (webtiles) character file.

Game seed: 10768073301921151056

1673 Pooter the Cleaver (level 8, -9/71 HPs)
             Began as a Minotaur Berserker on May 18, 2023.
             Was a Believer of Trog.
             Blown up by a centaur (16 damage)
             ... with a mindburst bolt
             ... on level 6 of the Dungeon.
             The game lasted 00:19:59 (4680 turns).

Pooter the Cleaver (Minotaur Berserker)             Turns: 4680, Time: 00:19:59

Health: -9/71      AC: 19    Str: 25    XL:     8   Next: 70%
Magic:  7/7        EV:  7    Int:  4    God:    Trog [**....]
Gold:   336        SH:  0    Dex:  9    Spells: 7/7 levels left

rFire   . . .        a - +1 flail (protect)
rCold   . . .        (no shield)
rNeg    . . .        y - +0 plate armour
rPois   .            (helmet restricted)
rElec   .            h - +0 cloak
rCorr   .            (no gloves)
SInv    .            (no boots)
Will    .....        (no amulet) Stlth
                     (no ring)
HPRegen 0.31/turn    (no ring)
MPRegen 0.10/turn

%: no passive effects
@: under a protective aura, on berserk cooldown, slowed, very slow
A: horns 2, retaliatory headbutt
a: Renounce Religion, Berserk, Trog's Hand


You were on level 6 of the Dungeon.
You worshipped Trog.
Trog was pleased with you.
You visited 1 branch of the dungeon, and saw 6 of its levels.
You also visited: Sewer.

You collected 336 gold pieces.

Inventory:

Hand Weapons
 a - a +1 flail of protection (weapon)
   (You took it off a gnoll on level 4 of the Dungeon)
 b - a +0 shortbow
   (You took it off a centaur on level 5 of the Dungeon)
 v - a +0 hand axe
Missiles
 q - 3 atropa-tipped darts
 z - 4 boomerangs of dispersal {!f}
 Q - 49 stones (quivered)
Armour
 h - a +0 cloak (worn)
   (You found it on level 1 of the Dungeon)
 r - a +0 buckler
   (You found it on level 3 of the Dungeon)
 y - a +0 plate armour (worn)
   (You found it on level 5 of the Dungeon)
Wands
 s - a wand of charming (4)
   (You took it off a goblin on level 4 of the Dungeon)
Scrolls
 c - a scroll of amnesia {unknown}
 d - 3 scrolls of enchant armour {unknown}
 e - a scroll of noise {!r}
 f - a scroll of vulnerability {!r}
 l - a scroll of torment {!r}
 m - a scroll of poison {unknown}
 t - 2 scrolls of teleportation {@r4}
 w - a scroll of enchant weapon
 x - a scroll of blinking
Potions
 g - 3 potions of degeneration {unknown}
 i - a potion of brilliance {unknown}
 j - 2 potions of heal wounds {unknown}
 k - 2 potions of attraction {unknown}
 n - 5 potions of haste {@q3}
 o - a potion of mutation {unknown}
 p - 3 potions of cancellation {unknown}
 u - a potion of magic {unknown}


   Skills:
 + Level 6.9 Fighting
 * Level 9.2 Axes
 * Level 5.1 Ranged Weapons
 - Level 2.4 Armour
 - Level 2.1 Dodging
 - Level 4.3 Stealth


You had 7 spell levels left.
You didn't know any spells.
Your spell library was empty.

Dungeon Overview and Level Annotations

Branches:
Dungeon (6/15)              Sewer (visited)
 Temple: D:4-7

Altars:
Ashenzari
Trog
The Shining One


Innate Abilities, Weirdness & Mutations

You have a pair of horns on your head.
You reflexively headbutt those who attack you in melee.


Message History

Trog accepts your kill.
You feel a bit more experienced.
Your Axes skill increases to level 9!
The centaur shoots an arrow.
The arrow hits you.
The centaur unwields a +0 shortbow.
The centaur hits you but does no damage.
The centaur kicks you but does no damage.
You sock the centaur!
Your weapon exudes an aura of protection.
You feel the power of Trog in you as your rage grows.
You kill the centaur!
Trog accepts your kill.
The centaur shoots an arrow.
The arrow hits you.
The centaur shoots an arrow.
The arrow hits you but does no damage.
Duvessa rages.
Your Ranged Weapons skill increases to level 5!
Really attack your ally Duvessa?
You thump Duvessa!
You kill Duvessa!
Trog accepts your kill.
The centaur shoots an arrow.
The arrow hits you but does no damage.
You feel a strong urge to attack something.
You start resting.
You are no longer berserk.
You are exhausted.
You feel yourself slow down.
You start resting.
The centaur zaps a wand.
Your mind is blasted!
* * * LOW HITPOINT WARNING * * *
The centaur zaps a wand.
You struggle to resist.
The centaur unwields a +0 shortbow.
The centaur wields a +0 whip.
The centaur closely misses you.
The centaur kicks you but does no damage.
You thump the centaur!
Your weapon exudes an aura of protection.
The centaur hits you but does no damage.
The centaur kicks you but does no damage.
The centaur hits you but does no damage.
The centaur kicks you.
* * * LOW HITPOINT WARNING * * *
The centaur zaps a wand.
Your mind is blasted!
* * * LOW HITPOINT WARNING * * *
You closely miss the centaur. The centaur hits you with a +0 whip!
* * * LOW HITPOINT WARNING * * *
The centaur kicks you but does no damage.
The centaur zaps a wand.
Your mind is blasted!
You die...

#.# #.#
######.###
#........# ...
#...)....# ...
#........# ....
#.....)..# .....
#........#.
..c..##@.).......
#.)c...).....##
#....####.#.)#
#....# .#...
#....# .# .#
######


You could see a centaur.

Vanquished Creatures
  Duvessa (D:6)
  A water moccasin (Sewer)
  A sky beast (D:6)
  2 black bears
  An ice beast (D:5)
  2 centaurs
  A phantom (D:5)
  A scorpion (D:5)
  A howler monkey (D:5)
  3 jellies
  3 hounds (D:5)
  An iguana (D:6)
  5 sleepcaps
  10 gnolls
  6 adders
  2 shadow imps (D:5)
  An ufetubus (D:5)
  A worm (D:5)
  3 dart slugs
  2 orcs
  7 ball pythons
  14 bats
  3 endoplasms
  3 giant cockroaches
  7 goblins
  3 hobgoblins
  4 jackals (D:1)
  3 kobolds
  4 quokkas
  A frilled lizard (D:2)
  6 rats
103 creatures vanquished.

Vanquished Creatures (collateral kills)
  An ogre (D:6)
  A centaur (D:6)
  Dowan (D:6)
  A gnoll bouda (D:6)
  A sleepcap (D:6)
  2 gnolls
7 creatures vanquished.

Vanquished Creatures (others)
  A gnoll bouda (D:4)
  A gnoll (D:4)
2 creatures vanquished.

Grand Total: 112 creatures vanquished

Notes
Turn   | Place    | Note
-------+----------+-------------------------------------------
     0 | D:1      | Pooter the Minotaur Berserker began the quest for the Orb.
     0 | D:1      | Reached XP level 1. HP: 19/19 MP: 0/0
   218 | D:1      | Reached XP level 2. HP: 27/27 MP: 1/1
   429 | D:1      | Reached skill level 4 in Axes
   432 | D:1      | Reached skill level 1 in Stealth
  1158 | D:2      | Reached XP level 3. HP: 29/33 MP: 2/2
  1589 | D:3      | Reached XP level 4. HP: 16/40 MP: 3/3
  1590 | D:3      | Reached ** piety under Trog
  1787 | D:3      | Found a glowing golden altar of the Shining One.
  1891 | D:3      | Found a faded altar of an unknown god.
  2044 | D:4      | Reached skill level 5 in Axes
  2138 | D:4      | Found a broken altar of Ashenzari.
  2150 | D:4      | Noticed a black bear
  2154 | D:4      | Killed a black bear
  2155 | D:4      | Reached XP level 5. HP: 47/47 MP: 4/4
  2245 | D:4      | Found a glowing drain.
  2260 | Sewer    | Entered a sewer
  2394 | Sewer    | Noticed a water moccasin
  2403 | Sewer    | Killed a water moccasin
  2404 | Sewer    | Reached skill level 5 in Fighting
  2404 | Sewer    | Reached skill level 6 in Axes
  2404 | Sewer    | Reached XP level 6. HP: 56/56 MP: 5/5
  3454 | D:5      | Entered Level 5 of the Dungeon
  3454 | D:5      | Noticed an ice beast
  3459 | D:5      | Killed an ice beast
  3460 | D:5      | Reached XP level 7. HP: 61/61 MP: 6/6
  3558 | D:5      | Reached skill level 7 in Axes
  3645 | D:5      | Reached skill level 1 in Ranged Weapons
  3684 | D:5      | Noticed a moth of wrath
  3695 | D:5      | Found a bloodstained altar of Trog.
  4131 | D:5      | Reached skill level 8 in Axes
  4131 | D:5      | Reached XP level 8. HP: 70/70 MP: 7/7
  4641 | D:6      | Noticed Duvessa
  4641 | D:6      | Noticed Dowan
  4652 | D:6      | Killed Dowan
  4670 | D:6      | Reached skill level 9 in Axes
  4672 | D:6      | Reached skill level 5 in Ranged Weapons
  4673 | D:6      | Your ally Duvessa died
  4680 | D:6      | Blown up by a centaur

Illustrated notes

Levels and vault maps discovered:
D:1:      heliophobic_arrival_henge, layout_basic, serial_bayou_lagoon_a,
          dreamdust_princess_corridor
D:2:      layout_loops_cross
D:3:      layout_rooms, mainiacjoe_overflow_small_starburst,
          basic_ecumenical_altar
D:4:      layout_basic, mainiacjoe_overflow_24_doors, portal_sewer_entry_a,
          kennysheep_generic_room_10
D:5:      layout_cave_pools, tgw_trog, minmay_misc_feat_iff,
          minmay_misc_feat_hallway, kennysheep_cluttered_room,
          columned_hall_lemuel
D:6:      layout_basic, serial_glass, glass_columns_a, glass_columns_a,
          minmay_manual_mares, uniq_duvessa

Skill      XL: |  1  2  3  4  5  6  7  8 |
---------------+-------------------------+-----
Axes           | 4 5 6 8 9 |  9.2
Stealth        | 1 2 3 4 |  4.3
Fighting       | 4 5 6 |  6.9
Ranged Weapons | 2 5 |  5.1
Armour         | |  2.4
Dodging        | |  2.1

Action                     |  1- 3 |  4- 6 |  7- 9 || total
---------------------------+-------+-------+-------++-------
  Melee: Hand axe          |    60 |    54 |       ||   114
         Headbutt          |     9 |    12 |    16 ||    37
         Flail             |       |    10 |    96 ||   106
         Punch             |       |       |     2 ||     2
   Fire: Shortbow          |       |       |    32 ||    32
 Invoke: Berserk           |     1 |     5 |     3 ||     9
         Trog's Hand       |       |     1 |       ||     1
  Evoke: Wand              |       |     4 |     5 ||     9
    Use: Scroll            |     3 |     1 |     2 ||     6
   Stab: Sleeping          |       |     1 |       ||     1
 Armour: Animal skin       |     5 |       |       ||     5
         Ring mail         |    12 |    20 |       ||    32
         Chain mail        |       |     8 |    34 ||    42
         Plate armour      |       |       |    60 ||    60
  Dodge: Dodged            |    40 |    32 |    50 ||   122
  Block: Buckler           |       |     5 |     1 ||     6
